 Dungeon Crawl Stone Soup version 0.31-a0-986-g5e6e4ef867 (webtiles) character file.

Game seed: 815985943717962259

280 Armakuni the Covered (level 6, -1/48 HPs)
             Began as a Human Fighter on Nov 3, 2023.
             Slain by a small abomination (11 damage)
             ... on level 1 of the Abyss.
             The game lasted 00:06:00 (3145 turns).

Armakuni the Covered (Human Fighter)                Turns: 3145, Time: 00:06:00

Health: -1/48      AC:  9    Str: 16    XL:     6   Next: 52%
Magic:  15/15      EV:  9    Int: 10    God:
Gold:   124        SH:  5    Dex: 13    Spells: 5/5 levels left

rFire   . . .        a - +0 flail
rCold   . . .        c - +0 buckler
rNeg    . . .        h - +0 scale mail
rPois   +            f - +1 helmet
rElec   .            (no cloak)
rCorr   .            (no gloves)
SInv    .            (no boots)
Will    .....        (no amulet) Stlth
                     M - ring of magical power
HPRegen 0.28/turn    P - ring of poison resistance
MPRegen 0.14/turn

%: no passive effects
@: mighty
A: no striking features
a: no special abilities


You were on level 1 of the Abyss.
You visited 1 branch of the dungeon, and saw 4 of its levels.
You visited the Abyss 1 time.

You collected 124 gold pieces.

Inventory:

Hand Weapons
 a - a +0 flail (weapon)
 b - a +0 sling of freezing
Missiles
 m - 6 boomerangs
 u - a throwing net
Armour
 c - a +0 buckler (worn)
 f - a +1 helmet (worn)
 h - a +0 scale mail (worn)
 p - a +0 plate armour
 q - an orb of light
Jewellery
 J - a ring of ice
 M - a ring of magical power (left hand)
 P - a ring of poison resistance (right hand)
Scrolls
 e - 2 scrolls of revelation
 k - 2 scrolls of teleportation
 s - a scroll of fear
 t - 2 scrolls of poison
 w - a scroll of summoning
 C - a scroll of enchant weapon
Potions
 g - 3 potions of heal wounds
 i - a potion of cancellation {unknown}
 j - 4 potions of haste {unknown}
 l - 2 potions of magic {unknown}
 n - a potion of berserk rage {unknown}
 o - 2 potions of ambrosia {unknown}
 r - 2 potions of curing {unknown}


   Skills:
 + Level 4.1 Fighting
 + Level 3.3 Maces & Flails
 + Level 4.1 Armour
 + Level 2.1 Dodging
 - Level 4.0 Shields


You had 5 spell levels left.
You didn't know any spells.
Your spell library contained the following spells:

 Spells                   Type           Power      Damage    Failure   Level
 Summon Small Mammal      Summ           0%         N/A       86%         1
 Call Canine Familiar     Summ           0%         N/A       99%         3
 Summon Guardian Golem    Hex/Summ       0%         N/A       99%         3


Dungeon Overview and Level Annotations

Branches:
Dungeon (4/15)
 Temple: D:4-7

Altars:
Cheibriados

Annotations:
D:4 Robin


Message History

You barely miss the goblin.
The goblin hits you with a +2 dagger of distortion.
Space warps horribly around you!!
* * * LOW HITPOINT WARNING * * *
The goblin completely misses you.
You thump the goblin!
You kill the goblin!
The goblin hits you with a +2 dagger of distortion.
* * * LOW HITPOINT WARNING * * *
You are cast into the Abyss!
This branch contains the abyssal rune of Zot.
You start resting.
An iron imp comes into view.
The iron imp shouts, "Quit, thou mangled doghearted brigand!"
A small abomination comes into view.
The iron imp hits you but does no damage.
You barely miss the iron imp. The iron imp closely misses you.
You hit the iron imp.
The iron imp is moderately wounded.
The iron imp hits you.
You feel very mighty all of a sudden.
The iron imp hits you but does no damage.
It was a potion of heal wounds.
You feel much better. The iron imp closely misses you.
You hit the iron imp.
The iron imp is moderately wounded.
The iron imp hits you.
You thump the iron imp!
The iron imp is severely wounded.
The iron imp hits you but does no damage.
You sock the iron imp!
You kill the iron imp!
You hit the small abomination.
The small abomination is lightly damaged.
The small abomination hits you! The small abomination hits you!!
* * * LOW HITPOINT WARNING * * *
You hit the small abomination but do no damage.
The small abomination is lightly damaged.
The small abomination hits you!
You die...

......#.
.......
#.....#
.....#
..∩.#
..∩ #x#
#@# #.#
#.# #.##
.###
#.## ##


You could see a small abomination.

Vanquished Creatures
  A scorpion (D:4)
  A hound (D:3)
  An iron imp (Abyss:1)
  3 adders
  6 gnolls
  A worm (D:4)
  2 dart slugs
  9 ball pythons
  6 endoplasms
  A giant cockroach (D:1)
  8 goblins
  6 hobgoblins
  4 jackals (D:4)
  4 kobolds
  5 quokkas
  2 bats
  5 frilled lizards
  10 rats
75 creatures vanquished.

Notes
Turn   | Place    | Note
-------+----------+-------------------------------------------
     0 | D:1      | Armakuni the Human Fighter began the quest for the Orb.
     0 | D:1      | Reached XP level 1. HP: 18/18 MP: 1/1
   125 | D:1      | Reached XP level 2. HP: 24/24 MP: 2/2
   574 | D:1      | You fall into a shaft and drop 1 floor!
   649 | D:2      | Reached XP level 3. HP: 29/29 MP: 3/3
  1301 | D:2      | Reached skill level 1 in Dodging
  1301 | D:2      | Reached XP level 4. HP: 35/35 MP: 4/4
  1687 | D:3      | Found a snail-covered altar of Cheibriados.
  1940 | D:3      | Reached XP level 5. HP: 41/41 MP: 5/5
  2851 | D:4      | Reached XP level 6. HP: 37/48 MP: 6/6
  3080 | D:4      | Noticed Robin
  3087 | Abyss:1  | Cast into level 1 of the Abyss (goblin)
  3136 | Abyss:1  | Noticed a small abomination
  3145 | Abyss:1  | Slain by a small abomination

Illustrated notes

Levels and vault maps discovered:
D:1:      arrival_zaba_pyramid, layout_loops_cross, minmay_pentomino_o4
D:2:      layout_basic
D:3:      layout_basic, overflow_temple_1_default, minmay_misc_feat_encased
D:4:      kennysheep_the_goblin_king, layout_loops_corners, uniq_robin
Abyss:1:  base:
Temple

Skill      XL: |  1  2  3  4  5 |
---------------+----------------+-----
Dodging        | 1 2 |  2.1
Maces & Flails | 3 |  3.3
Fighting       | 4 |  4.1
Armour         | 4 |  4.1
Shields        | 4 |  4.0

Action                     |  1- 3 |  4- 6 || total
---------------------------+-------+-------++-------
  Melee: Flail             |   134 |   164 ||   298
    Use: Scroll            |     4 |     3 ||     7
         Potion            |       |     3 ||     3
 Armour: Scale mail        |    87 |   139 ||   226
  Dodge: Dodged            |    58 |    65 ||   123
  Block: Buckler           |    39 |    40 ||    79

Table legend: (Time is in decaauts)
 A = Elapsed time spent in this place.
 B = Non-inter-level travel time spent in this place.
 C = Inter-level travel time spent in this place.
 D = Time resting spent in this place.
 E = Time spent auto-exploring this place.
 F = Levels seen in this place.
 G = Mean time per level.
                   A        B        C        D        E       F      G
               +--------+--------+--------+--------+--------+-----+--------+
         Total |   3239 |   3172 |     67 |    126 |   2200 |   5 |  647.8 |
       Dungeon |   3179 |   3112 |     67 |     80 |   2200 |   4 |  794.8 |
         Abyss |     59 |     59 |      0 |     46 |      0 |   1 |   59.0 |
               +--------+--------+--------+--------+--------+-----+--------+

Top non-repeatable levels by time:
     D:3: 999 daAuts
     D:2: 932 daAuts
     D:1: 812 daAuts
     D:4: 434 daAuts
 Abyss:1: 59 daAuts
